 Dungeon Crawl Stone Soup version bcrawl-1.28.5 (webtiles) character file.

Game seed: 1121807842967299033

188252 Anonimiaus the Poker (level 8, -4/56 HPs)
             Began as a Merfolk Fighter on Jan 29, 2021.
             Was an Initiate of Hepliaklqana.
             Slain by a centaur (6 damage)
             ... on level 6 of the Dungeon.
             The game lasted 00:09:20 (5279 turns).

Anonimiaus the Poker (Merfolk Fighter)              Turns: 5279, Time: 00:09:20

Health: -4/56      AC: 13    Str: 16 (18) XL:     8   Next: 3%
Magic:  8/8        EV:  4    Int:  4 (7)  God:    Hepliaklqana [......]
Gold:   230        SH: 10    Dex: 11 (14) Spells: 7/7 levels left

rFire    . . .     SeeInvis .   a - +0 trident
rCold    + + .     Gourm    .   c - +1 medium shield
rNeg     . . .     Faith    .   o - +1 chain mail {rC+}
rPois    .         Spirit   .   A - +2 hat
rElec    .         Reflect  .   (no cloak)
rCorr    +         Harm     .   B - +0 pair of gloves
MR       .....                  (no boots)
Stlth    ..........             (no amulet)
HPRegen  0.18/turn              h - ring of protection from cold
MPRegen  0.11/turn              x - ring of resist corrosion

@: no status effects
A: change form in water, swift swim, stealthy swim, reduced essence
a: Recall Ancestor, Ancestor Identity, Renounce Religion


You were on level 6 of the Dungeon.
You worshipped Hepliaklqana.
Hepliaklqana was noncommittal.
You were hungry.

You visited 2 branches of the dungeon, and saw 7 of its levels.

You collected 230 gold pieces.

Inventory:

Hand Weapons
 a - a +0 trident (weapon)
Armour
 c - a +1 medium shield (worn)
 m - a +0 large shield
 o - a +1 chain mail of cold resistance (worn)
 A - a +2 hat (worn)
 B - a +0 pair of gloves (worn)
Jewellery
 h - a ring of protection from cold (left hand)
 x - a ring of resist corrosion (right hand)
Scrolls
 b - a scroll of fear {unknown}
 f - 2 scrolls of remove curse {unknown}
 g - a scroll of enchant armour
 p - a scroll of magic mapping {unknown}
 q - 6 scrolls of identify
 r - 3 scrolls of fog {unknown}
 t - a scroll of noise {unknown}
 v - a scroll of amnesia {unknown}
 w - 2 scrolls of immolation {unknown}
 y - a scroll of enchant weapon {unknown}
Potions
 d - 2 potions of might
 i - 2 potions of agility
 j - a potion of degeneration
 k - 2 potions of mutation
 u - a potion of berserk rage {unknown}
 C - a potion of curing
Comestibles
 e - 9 rations {!d}


   Skills:
 + Level 5.4 Fighting
 + Level 6.3 Polearms
 + Level 3.6 Armour
 + Level 4.8 Dodging
 + Level 4.9 Shields


You had 7 spell levels left.
You didn't know any spells.
Your spell library was empty.

Dungeon Overview and Level Annotations

Branches:
Dungeon (6/12)             Temple (1/1) D:4

Altars:
Ashenzari
Cheibriados
Dithmenos
Fedhas
Gozag
Hepliaklqana
Kikubaaqudgha
Lugonu
Makhleb
Nemelex Xobeh
Okawaru
Qazlal
Ru
Sif Muna
Uskayaw
Vehumet
Wu Jian
Xom
Yredelemnul
The Shining One

Shops:
D:5 (

Annotations:
D:3 1 runed door


Message History

You feel weakened.
You feel dopey.
You feel clumsy.
You feel sick.
You are no longer poisoned.
The centaur hits you but does no damage.
You block the orc's attack.
It was a potion of resistance.
You feel protected. You block the centaur's attack. The centaur hits you.
* * * LOW HITPOINT WARNING * * *
It was a potion of invisibility.
You fade into invisibility!
The orc hits you but does no damage. The centaur barely misses you.
You are very lightly contaminated with residual magic.
It was a potion of cancellation.
Your magical effects are unravelling.
You feel magically purged.
Your magical contamination has completely faded away.
You flicker back into view.
Your resistance to elements expires.
The centaur hits you.
You die...

#.#
#.#
#.#
#.#
#.#
#.#
#c#
#@#
#o#
...
##.##
#.#
#..
##. .


You could see a centaur and an orc.

Vanquished Creatures
  Grinder (D:4)
  A scorpion (D:4)
  2 orc priests
  2 orc wizards (D:4)
  Jessica (D:2)
  Natasha (thrice) (Temple)
  A hound skeleton (D:4)
  2 adders (D:3)
  5 worms
  5 dart slugs
  8 leopard geckos
  11 orcs
  A ball python (D:1)
  6 bats
  11 goblins
  7 hobgoblins
  A quokka (D:2)
  A frilled lizard (D:1)
  7 kobolds
  6 rats
82 creatures vanquished.

Vanquished Creatures (collateral kills)
  A sky beast (D:3)
  A hound (D:3)
  2 orc wizards (D:3)
  A centaur skeleton (D:4)
  2 worker ants (D:4)
  Robin (D:4)
  3 orcs
  2 hobgoblins (D:4)
  2 goblins (D:4)
15 creatures vanquished.

Vanquished Creatures (others)
  4 ancestors
4 creatures vanquished.

Grand Total: 101 creatures vanquished

Notes
Turn   | Place    | Note
-------+----------+-------------------------------------------
     0 | D:1      | Anonimiaus the Merfolk Fighter began the quest for the Orb.
     0 | D:1      | Reached XP level 1. HP: 18/18 MP: 1/1
    94 | D:1      | Found a shimmering altar of Xom.
   411 | D:1      | Reached XP level 2. HP: 24/24 MP: 2/2
   470 | D:1      | Reached skill level 1 in Dodging
   568 | D:1      | Reached XP level 3. HP: 19/29 MP: 3/3
  1933 | D:2      | Noticed Jessica
  1937 | D:2      | Killed Jessica
  1938 | D:2      | Reached XP level 4. HP: 35/37 MP: 4/4
  2031 | D:2      | Reached skill level 4 in Polearms
  2700 | D:3      | Reached XP level 5. HP: 5/42 MP: 5/5
  2990 | D:3      | Found a shadowy altar of Dithmenos.
  3142 | D:3      | Found a snail-covered altar of Cheibriados.
  3177 | D:3      | Found a runed door.
  3232 | D:3      | Found an ancient bone altar of Kikubaaqudgha.
  3360 | D:3      | Found an opulent altar of Gozag.
  3446 | D:3      | Found a sparkling altar of Nemelex Xobeh.
  3453 | D:3      | Found a shimmering altar of Xom.
  3460 | D:3      | Found a basalt altar of Yredelemnul.
  3499 | D:4      | Found a staircase to the Ecumenical Temple.
  3500 | D:4      | Noticed a sky beast
  3501 | D:4      | Noticed Natasha
  3506 | Temple   | Entered the Ecumenical Temple
  3513 | Temple   | Killed Natasha
  3523 | Temple   | Noticed Natasha
  3533 | Temple   | Killed Natasha
  3658 | Temple   | Noticed Natasha
  3674 | Temple   | Killed Natasha
  3675 | Temple   | Reached XP level 6. HP: 40/49 MP: 6/6
  3817 | Temple   | Became a worshipper of Hepliaklqana the Forgotten
  4082 | D:3      | Killed a sky beast
  4083 | D:3      | Reached skill level 5 in Polearms
  4461 | D:4      | Reached XP level 7. HP: 30/49 MP: 7/7
  4676 | D:4      | Reached skill level 5 in Fighting
  4719 | D:4      | Noticed Grinder
  4781 | D:4      | Killed Grinder
  4782 | D:4      | Reached skill level 6 in Polearms
  4838 | D:4      | Noticed a fire elemental
  4840 | D:4      | Found a stormy altar of Qazlal.
  4841 | D:4      | Noticed an air elemental
  4841 | D:4      | Noticed a water elemental
  4855 | D:4      | Noticed Robin
  4881 | D:4      | Killed Robin
  4882 | D:4      | Reached XP level 8. HP: 31/56 MP: 8/8
  5153 | D:4      | Found a corrupted altar of Lugonu.
  5248 | D:5      | Entered Level 5 of the Dungeon
  5248 | D:5      | Found Puyginen's Weapon Boutique.
  5276 | D:6      | HP: 2/56 [poisoned by an orc]
  5279 | D:6      | Slain by a centaur

Skill      XL: |  1  2  3  4  5  6  7 |
---------------+----------------------+-----
Dodging        | 1 2 3 4 |  4.8
Polearms       | 4 5 6 |  6.3
Fighting       | 4 5 |  5.4
Armour         | 3 |  3.6
Shields        | 4 |  4.9

Action                   |  1- 3 |  4- 6 |  7- 9 || total
-------------------------+-------+-------+-------++-------
Melee: Trident           |   177 |   187 |   102 ||   466
Invok: Recall Ancestor   |       |     1 |     1 ||     2
       Ancestor Identity |       |     1 |       ||     1
  Use: Scroll            |     4 |       |       ||     4
       Potion            |       |     1 |     4 ||     5
  Eat: Chunk             |     5 |     7 |     5 ||    17
       Ration            |     1 |     2 |       ||     3
Armor: Scale mail        |    80 |    16 |       ||    96
       Chain mail        |       |    88 |    59 ||   147
Dodge: Dodged            |    40 |    33 |    19 ||    92
Block: Medium shield     |    74 |    93 |    51 ||   218
